 Dungeon Crawl Stone Soup version 0.24.0-125-gc4c63601f3 (webtiles) character file.

Game seed: 1548406882810223278, levelgen mode: deterministic

71 Curus the Twirler (level 4, -3/33 HPs)
             Began as a Demonspawn Gladiator on Mar 3, 2020.
             Slain by a leopard gecko (5 damage)
             ... on level 2 of the Dungeon.
             The game lasted 00:07:51 (1555 turns).

Curus the Twirler (Demonspawn Gladiator)            Turns: 1555, Time: 00:07:52

Health: -3/33      AC:  4    Str: 15    XL:     4   Next: 5%
Magic:  4/4        EV: 13    Int:  9    God:
Gold:   92         SH:  0    Dex: 15    Spells: 3/3 levels left

rFire    . . .     SeeInvis .     - Unarmed
rCold    . . .     Gourm    .   (no shield)
rNeg     . . .     Faith    .   b - +0 leather armour
rPois    .         Spirit   .   c - +0 helmet
rElec    .         Reflect  .   (no cloak)
rCorr    .         Harm     .   (no gloves)
MR       .....                  (no boots)
Stlth    +.........             (no amulet)
HPRegen  0.11/turn              h - ring of wizardry
MPRegen  0.09/turn              j - +1 ring of evasion

@: about to teleport
A: claws 2
a: no special abilities


You were on level 2 of the Dungeon.
You were not hungry.

You visited 1 branch of the dungeon, and saw 3 of its levels.

You collected 92 gold pieces.

Inventory:

Hand Weapons
 a - a +0 quarterstaff
Missiles
 d - 2 throwing nets (quivered)
Armour
 b - a +0 leather armour (worn)
 c - a +0 helmet (worn)
Jewellery
 h - a ring of wizardry (left claw)
 j - a +1 ring of evasion (right claw)
Scrolls
 e - 2 scrolls of remove curse
 g - a scroll of teleportation
 i - 2 scrolls of amnesia
 k - a scroll of identify
Comestibles
 f - 6 rations
 l - a chunk of flesh


   Skills:
 - Level 2.0 Fighting
 - Level 3.2 Staves
 - Level 1.7 Throwing
 - Level 2.6 Dodging
 + Level 2.8 Unarmed Combat


You had 3 spell levels left.
You didn't know any spells.
Your spell library was empty.

Dungeon Overview and Level Annotations

Branches:
Dungeon (3/15)

Altars:
Ashenzari
Gozag
Hepliaklqana
Makhleb
Vehumet


Innate Abilities, Weirdness & Mutations

You have very sharp fingernails.


Message History

* * * LOW HITPOINT WARNING * * *
The leopard gecko misses you.
The ooze struggles against the net.
You scratch the goblin but do no damage.
The goblin barely misses you. The leopard gecko misses you.
The ooze struggles against the net.
As you read the scroll of teleportation, it crumbles to dust.
You feel strangely unstable. The leopard gecko closely misses you.
The goblin barely misses you.
The ooze struggles against the net.
The net rips apart, and the ooze comes free!
You barely miss the goblin.
The leopard gecko bites you but does no damage.
The goblin hits you but does no damage.
You scratch the goblin.
The goblin is heavily wounded.
The leopard gecko barely misses you. The goblin hits you.
* * * LOW HITPOINT WARNING * * *
You scratch the goblin.
You kill the goblin!
The leopard gecko bites you.
You die...

.....###########
...#...........#
.#....########.#
.....## #.# ####.#
#.### .....# #...#
###### ###J# #
######### #l# #
#..(....# #@# #
#.......# #†# #
#.......######.#### #
#.................# #
#........##.##.##.# #
#........##.##.##.# #
#...........##.##.#
##########.##.......#
...##.......#.##.####


You could see an ooze and a leopard gecko.

Vanquished Creatures
  3 adders (D:2)
  A worm (D:2)
  3 leopard geckos
  A ball python (D:2)
  4 bats
  3 giant cockroaches
  7 goblins
  3 hobgoblins
  7 kobolds
  2 frilled lizards
  2 rats (D:1)
36 creatures vanquished.

Notes
Turn   | Place    | Note
-------+----------+-------------------------------------------
     0 | D:1      | Curus the Demonspawn Gladiator began the quest for the Orb.
     0 | D:1      | Reached XP level 1. HP: 16/16 MP: 1/1
   119 | D:1      | Reached skill level 3 in Staves
   211 | D:1      | Gained mutation: You have sharp fingernails. [demonic
                  | ancestry]
   211 | D:1      | Reached XP level 2. HP: 14/22 MP: 2/2
   607 | D:1      | Reached skill level 1 in Unarmed Combat
   778 | D:2      | Gained mutation: You have very sharp fingernails. [demonic
                  | ancestry]
   778 | D:2      | Reached XP level 3. HP: 27/27 MP: 3/3
   825 | D:2      | Found a hazy altar of Hepliaklqana.
   826 | D:2      | Found a burning altar of Makhleb.
   826 | D:2      | Found a radiant altar of Vehumet.
   918 | D:2      | Found an opulent altar of Gozag.
  1008 | D:2      | Found a shattered altar of Ashenzari.
  1528 | D:3      | Reached XP level 4. HP: 24/33 MP: 4/4
  1555 | D:2      | Slain by a leopard gecko

Levels and vault maps discovered:
D:1:      minmay_arrival_up_and_down, layout_basic
D:2:      layout_loops_cross, nicolae_ashenzari_panopticon,
          chequers_temple_overflow_statue_of_worship, first_ration,
          nicolae_gozag_cash_rules_everything_around_me
D:3:      layout_rooms, tso_altar

Skill      XL: |  1  2  3 |
---------------+----------+-----
Staves         | 3 |  3.2
Unarmed Combat | 1 2 |  2.8
Fighting       | |  2.0
Throwing       | |  1.7
Dodging        | |  2.6

Action                   |  1- 3 |  4- 6 || total
-------------------------+-------+-------++-------
Melee: Quarterstaff      |    55 |       ||    55
       Unarmed           |    56 |    20 ||    76
Throw: Throwing net      |       |     1 ||     1
  Use: Scroll            |     7 |     1 ||     8
       Potion            |     5 |       ||     5
 Stab: Sleeping          |     2 |       ||     2
  Eat: Chunk             |     2 |       ||     2
Armor: Leather armour    |    29 |     8 ||    37
Dodge: Dodged            |    66 |    26 ||    92
